 Dungeon Crawl Stone Soup version 0.28.0-43-g3370ac3207 (webtiles) character file.

Game seed: 10756347848940371521

68 RascalDebosk the Stinger (level 4, 0/27 HPs)
             Began as an Octopode Venom Mage on Mar 14, 2022.
             Slain by an orc
             ... wielding a +0 trident
              (4 damage)
             ... on level 2 of the Dungeon.
             The game lasted 00:17:36 (2018 turns).

RascalDebosk the Stinger (Octopode Venom Mage)      Turns: 2018, Time: 00:17:36

Health: 0/27       AC:  1    Str:  7    XL:     4   Next: 19%
Magic:  7/7        EV: 13    Int: 19    God:
Gold:   24         SH:  0    Dex: 12    Spells: 5/8 levels left

rFire   . . .      SeeInvis .   f - +0 club
rCold   . . .      Faith    .   (no shield)
rNeg    . . .      Spirit   .   (helmet restricted)
rPois   .          Reflect  .   (no amulet)
rElec   .          Harm     .   (no ring)
rCorr   .          Rampage  .   (no ring)
Will    .....                   (no ring)
Stlth   +++.......              (no ring)
HPRegen 0.09/turn               (no ring)
MPRegen 0.10/turn               (no ring)
                                (no ring)
                                (no ring)

@: no status effects
A: almost no armour, amphibious, 8 rings, camouflage 1, gelatinous body 1,
(nimble swimmer 1), tentacles
a: no special abilities


You were on level 2 of the Dungeon.
You visited 1 branch of the dungeon, and saw 2 of its levels.

You collected 24 gold pieces.

Inventory:

Hand Weapons
 f - a +0 club (weapon)
Scrolls
 a - a scroll of enchant armour {unknown}
 b - 2 scrolls of identify {unknown}
 h - a scroll of immolation {unknown}
 i - a scroll of teleportation {unknown}
Potions
 c - a potion of heal wounds {unknown}
 d - a potion of flight {unknown}
 e - 6 potions of curing {unknown}
 g - a potion of degeneration {unknown}


   Skills:
 + Level 2.6 Dodging
 + Level 3.6 Stealth
 + Level 2.5 Spellcasting
 + Level 1.8 Transmutations
 + Level 4.2 Poison Magic


You had 5 spell levels left.
You knew the following spells:

 Your Spells              Type           Power      Damage    Failure   Level
a - Sting                 Tmut/Pois      52%        1d5       4%          1
b - Poisonous Vapours     Pois/Air       20%        N/A       11%         2

Your spell library contained the following spells:

 Spells                   Type           Power      Damage    Failure   Level
 Mephitic Cloud           Conj/Pois/Air  7%         N/A       26%         3
 Olgreb's Toxic Radiance  Pois           18%        N/A       28%         4


Dungeon Overview and Level Annotations

Branches:
Dungeon (2/15)

Altars:
Wu Jian


Innate Abilities, Weirdness & Mutations

You cannot wear most types of armour.
You are amphibious.
You can wear up to eight rings at the same time.
Your skin changes colour to match your surroundings (Stealth+).
Your rubbery body absorbs attacks. (AC +1, EV +1)
((You are camouflaged when in or above water. (Stealth+)))
You have tentacles for arms and can constrict up to eight enemies at once.


Message History

Press: ? - help, Q - select action, (/) - cycle Shift-Dir - straight line, f - adder
Aim: an adder (53% to hit)
The sting hits the adder.
The adder is poisoned.
The adder is lightly wounded.
The orc shouts! x2
The adder bites you.
An orc comes into view. It is wielding a +0 trident.
The adder bites you.
You are poisoned.
The adder poisons you!
Aiming: Sting (safe; 4% risk of failure)
Press: ? - help, Q - select action, (/) - cycle Shift-Dir - straight line, f/p - adder
Aim: an adder (moderately wounded, poisoned, 53% to hit)
The sting hits the adder but does no damage.
The adder looks even sicker.
The adder is moderately wounded.
You feel sick.
A ball python comes into view.
The adder closely misses you.
You feel sick.
You feel sick. The adder closely misses you.
You feel sick.
You are no longer poisoned.
The adder bites you. The adder closely misses you. The adder bites you.
You are poisoned.
The adder poisons you!
You feel sick.
You feel sick.
You kill the adder!
You feel sick.
You feel sick.
You feel sick.
You are no longer poisoned.
The orc hits you with a +0 club.
* * * LOW HITPOINT WARNING * * *
The orc closely misses you. The orc misses you.
The orc hits you from afar with a +0 trident.
You die...

........ .........#....# #....
........ ..........(.#....# #....
.....................#....###....
.................................
.................................
.................................
...............................#.
....................#....#....##.
...............S@......(.#....##.
.####............#.......#....##.
.†............o.o#.......#....##.
#####............#.......#....##.
#.†......o..##.......#....##.
##.......o..#####....##...##.
#..........# #....##...##.
#..........#####....##...#..
#.........(#.............#..


You could see 4 orcs and a ball python.

Vanquished Creatures
  3 adders (D:2)
  A dart slug (D:1)
  4 bats
  4 endoplasms
  2 giant cockroaches
  2 goblins
  2 hobgoblins
  6 jackals
  A quokka (D:1)
  3 ball pythons
  3 frilled lizards
  A kobold (D:1)
  6 rats
38 creatures vanquished.

Vanquished Creatures (others)
  2 plants (D:1)
  3 withered plants (D:1)
5 creatures vanquished.

Grand Total: 43 creatures vanquished

Notes
Turn   | Place    | Note
-------+----------+-------------------------------------------
     0 | D:1      | RascalDebosk the Octopode Venom Mage began the quest for
                  | the Orb.
     0 | D:1      | Reached XP level 1. HP: 11/11 MP: 3/3
   278 | D:1      | Reached XP level 2. HP: 17/17 MP: 0/5
   742 | D:1      | Reached XP level 3. HP: 21/21 MP: 4/6
   811 | D:1      | Found a faded altar of an unknown god.
   904 | D:2      | Reached skill level 4 in Poison Magic
  1003 | D:2      | Found an ornate altar of the Wu Jian Council.
  1218 | D:2      | Learned a level 2 spell: Poisonous Vapours
  1381 | D:2      | HP: 1/21 [poisoned by an adder]
  1927 | D:2      | Reached XP level 4. HP: 27/27 MP: 5/7
  2018 | D:2      | Slain by an orc

Illustrated notes

Levels and vault maps discovered:
D:1:      matt_arrival_grand_opening, layout_rooms,
          shapermc_ecumenical_altar_flowoftime, chequers_serial_rivers_micro_a
D:2:      layout_basic, basic_altar, wad_floor_pattern_2

Skill      XL: |  1  2  3 |
---------------+----------+-----
Stealth        | 3 |  3.6
Poison Magic   | 4 |  4.2
Dodging        | |  2.6
Spellcasting   | |  2.5
Transmutations | |  1.8

Action                   |  1- 3 |  4- 6 || total
-------------------------+-------+-------++-------
Melee: Club              |    35 |       ||    35
       Tentacles         |    13 |       ||    13
       Constrict         |    10 |       ||    10
 Cast: Sting             |    46 |     3 ||    49
Armor: Skin              |     7 |       ||     7
Dodge: Dodged            |    37 |     5 ||    42
